 Dungeon Crawl Stone Soup version 0.25-a0-731-g0472a16d6a (webtiles) character file.

Game seed: 8349578715082395714, levelgen mode: deterministic

26859 kae the Grappler (level 13, -6/139 HPs)
             Began as a Grey Draconian Transmuter on Apr 8, 2020.
             Was an Elder of Wu Jian.
             Mangled by a seven-headed hydra (14 damage)
             ... on level 3 of the Lair of Beasts.
             The game lasted 00:16:39 (16932 turns).

kae the Grappler (Grey Draconian Transmuter)       Turns: 16932, Time: 00:16:40

Health: -6/139     AC:  8    Str: 16    XL:     13   Next: 1%
Magic:  21/26      EV: 10    Int: 22    God:    Wu Jian [****..]
Gold:   841        SH:  0    Dex: 12    Spells: 2/30 levels left

rFire    . . .     SeeInvis +     - Unarmed
rCold    . . .     Gourm    +   (shield currently unavailable)
rNeg     . . .     Faith    .   (armour unavailable)
rPois    +         Spirit   .   (helmet currently unavailable)
rElec    .         Reflect  .   (cloak currently unavailable)
rCorr    .         Harm     .   (gloves currently unavailable)
MR       +....                  (boots currently unavailable)
Stlth    +.........             d - amulet of the gourmand
HPRegen  0.33/turn              L - ring "Vunith Uwniy" {MR+ Int+7 SInv}
MPRegen  0.20/turn              (no ring)

@: hydra-form
A: very large, (walk through water), unfitting armour, AC +13
a: End Transformation, Wall Jump, Serpent's Lash, Renounce Religion


You were on level 3 of the Lair of Beasts.
You worshipped Wu Jian.
Wu Jian was greatly pleased with you.
You were very full.
You were a six-headed hydra.
You visited 3 branches of the dungeon, and saw 15 of its levels.

You collected 841 gold pieces.

Inventory:

Missiles
 a - 183 arrows
Armour
 h - a +2 cloak (melded)
 t - a +2 hat of magic resistance (melded)
 K - a scarf of resistance
Jewellery
 d - an amulet of the gourmand (around neck)
 j - an uncursed amulet of guardian spirit
 s - an uncursed ring of protection from fire
 u - a +5 ring of intelligence
 v - an uncursed ring of magical power
 E - an uncursed ring of positive energy {unknown}
 L - the ring "Vunith Uwniy" (left foreclaw) {MR+ Int+7 SInv}
   (You found it on level 10 of the Dungeon)

   [ring of see invisible]

   It affects your intelligence (+7).
   It affects your resistance to hostile enchantments.
   It lets you see invisible.
Wands
 l - a wand of polymorph (23)
 p - a wand of digging (9)
 w - a wand of flame (10)
 G - a wand of enslavement (12)
Scrolls
 e - 6 scrolls of remove curse
 n - 5 scrolls of identify
 r - 2 scrolls of magic mapping
 x - 3 scrolls of amnesia
 y - 5 scrolls of teleportation
 z - 4 scrolls of enchant weapon
 A - a scroll of enchant armour
Potions
 f - 4 potions of brilliance
 g - 5 potions of curing
 i - 2 potions of stabbing
 k - a potion of heal wounds {unknown}
 m - a potion of flight
 o - a potion of mutation
 q - 4 potions of cancellation
 B - 3 potions of lignification {unknown}
 C - a potion of ambrosia {unknown}
 D - 2 potions of haste {unknown}
 F - 2 potions of resistance
Miscellaneous
 H - a phial of floods
 I - a tin of tremorstones
Comestibles
 c - 23 rations


   Skills:
 - Level 7.7 Fighting
 - Level 6.6 Dodging
 - Level 14.0 Unarmed Combat
 - Level 9.2 Spellcasting
 + Level 10.8 Transmutations


You had 2 spell levels left.
You knew the following spells:

 Your Spells              Type           Power        Failure   Level  Hunger
a - Beastly Appendage     Tmut           ######       1%          1    None
b - Sticks to Snakes      Tmut           ######..     1%          2    None
c - Spider Form           Tmut/Pois      ####......   2%          3    None
d - Ice Form              Ice/Tmut       ####....     7%          4    ##.....
e - Blade Hands           Tmut           ######....   2%          5    ####...
f - Hydra Form            Tmut           ######....   12%         6    ######.
g - Dragon Form           Tmut           ######....   54%         7    #######

Your spell library contained the following spells:

 Spells                   Type           Power        Failure   Level  Hunger
 Animate Skeleton         Necr           N/A          7%          1    None
 Apportation              Tloc           ##....       7%          1    None
 Corona                   Hex            ##.....      7%          1    None
 Magic Dart               Conj           ##..         7%          1    None
 Summon Small Mammal      Summ           ##..         7%          1    None
 Blink                    Tloc           N/A          10%         2    None
 Call Imp                 Summ           ##......     10%         2    None
 Slow                     Hex            ##......     10%         2    None
 Petrify                  Tmut/Erth      ####....     7%          4    ##.....
 Confusing Touch          Hex            ##......     21%         3    None
 Conjure Flame            Conj/Fire      ##......     21%         3    None
 Gell's Gravitas          Tloc           ##........   21%         3    None
 Mephitic Cloud           Conj/Pois/Air  ##......     21%         3    None
 Irradiate                Conj/Tmut      ####......   21%         5    ####...
 Yara's Violent Unravell  Hex/Tmut       ####......   21%         5    ####...
 Cause Fear               Hex            ##........   54%         4    ##.....
 Statue Form              Tmut/Erth      ####.....    73%         6    ######.
 Metabolic Englaciation   Hex/Ice        ##........   88%         5    ####...
 Silence                  Hex/Air        ##........   88%         5    ####...
 Deflect Missiles         Chrm/Air       ##........   100%        6    ######.
 Discord                  Hex            ##........   100%        8    #######


Dungeon Overview and Level Annotations

Branches:
Dungeon (11/15)            Temple (1/1) D:5            Lair (3/6) D:11
 Shoals (0/4) Lair:2          Orc (0/2) D:10
  Snake: Lair:2-4    Spider: Lair:2-4

Altars:
Ashenzari
Cheibriados
Dithmenos
Elyvilon
Fedhas
Gozag
Hepliaklqana
Kikubaaqudgha
Makhleb
Nemelex Xobeh
Okawaru
Qazlal
Ru
Sif Muna
Trog
Uskayaw
Vehumet
Wu Jian
Xom
Yredelemnul
Zin
The Shining One

Annotations:
D:6 1 runed translucent door
D:10 1 runed translucent door, exclusion: 2 doors
Lair:2 2 transporters, Esoasiq's ghost, journeyman DsGl


Innate Abilities, Weirdness & Mutations

((You can walk through water.))
((Your dull iron-grey scales are very hard. (AC +13)))
You cannot fit into any form of body armour.
((You can survive without breathing.))
((You are cold-blooded and may be slowed by cold attacks.))


Message History

* * * LOW HITPOINT WARNING * * *
The seven-headed hydra bites you but does no damage.
The seven-headed hydra closely misses you.
The seven-headed hydra bites you.
* * * LOW HITPOINT WARNING * * *
The seven-headed hydra bites you but does no damage.
You nip at the seven-headed hydra but do no damage.
The seven-headed hydra is heavily wounded.
You bite the seven-headed hydra!
The seven-headed hydra is heavily wounded.
The seven-headed hydra bites you but does no damage.
The seven-headed hydra bites you.
* * * LOW HITPOINT WARNING * * *
The seven-headed hydra bites you!
* * * LOW HITPOINT WARNING * * *
The seven-headed hydra closely misses you.
The seven-headed hydra bites you!
* * * LOW HITPOINT WARNING * * *
The seven-headed hydra bites you!
You die...

#..... .......
......##.....##.....# .
#..................##
..##.....P......#......#
..........#.....##.....#
.........#......#....P#
..##...................#
P.!P...........†......<.
......DD.......^........
........................
........................
..#.#...................
. ##.....###..###.......
P..P.....##### #......#
........## #.....#.
.###....# #......##
#..... ##......#


You could see a seven-headed hydra.

Vanquished Creatures
  Snorg (D:11)
  An ogre mage (D:10)
  A hydra (Lair:3)
  Erica (D:9)
  3 two-headed ogres
  3 death yaks (D:11)
  An unseen horror (D:10)
  Pikel (D:6)
  2 ugly things (D:11)
  A cyclops (D:11)
  A manticore (D:11)
  A merfolk siren (Lair:2)
  A gargoyle (D:11)
  A rime drake (Lair:1)
  A komodo dragon (Lair:1)
  3 trolls
  A hornet (D:11)
  5 hippogriffs
  A vampire (D:11)
  14 yaks
  A human (D:8)
  2 hungry ghosts
  2 acid dragons
  A soldier ant (D:10)
  6 porcupines
  3 water moccasins
  2 black bears
  3 orc warriors
  2 sky beasts
  4 phantoms
  4 ice beasts
  5 ogres
  2 slaves (D:6)
  An eye of draining (D:11)
  4 wolves (Lair:2)
  4 crocodiles
  5 centaurs
  8 bullfrogs
  6 scorpions
  10 killer bees
  2 jellies
  2 howler monkeys
  11 crimson imps
  2 bullfrog zombies
  10 hounds
  9 orc priests
  2 quasits (D:10)
  3 bullfrog skeletons
  5 centaur skeletons
  5 iguanas
  Jessica (D:2)
  14 worker ants
  Ijyb (D:3)
  6 orc wizards
  3 hell rats (D:11)
  Natasha (thrice) (D:2)
  2 hound skeletons
  3 worker ant zombies
  A howler monkey skeleton (D:10)
  13 adders
  3 river rats (D:11)
  3 shadow imps
  An ooze (D:5)
  An adder skeleton (D:4)
  3 adder zombies
  A worm (D:2)
  3 dart slugs
  9 leopard geckos
  44 orcs
  10 giant cockroaches
  9 hobgoblins
  6 jackals
  2 quokkas
  3 ball pythons
  5 bats
  3 frilled lizards
  11 goblins
  A jackal zombie (D:5)
  7 kobolds
  8 rats
  2 butterflies (D:6)
352 creatures vanquished.

Vanquished Creatures (others)
  A slave (D:6)
  A killer bee (D:6)
2 creatures vanquished.

Grand Total: 354 creatures vanquished

Notes
Turn   | Place    | Note
-------+----------+-------------------------------------------
     0 | D:1      | kae the Draconian Transmuter began the quest for the Orb.
     0 | D:1      | Reached XP level 1. HP: 16/16 MP: 3/3
   125 | D:1      | Reached XP level 2. HP: 19/23 MP: 3/5
   138 | D:1      | Learned a level 2 spell: Sticks to Snakes
   690 | D:1      | Reached XP level 3. HP: 25/28 MP: 6/6
  1219 | D:1      | Learned a level 3 spell: Spider Form
  1284 | D:2      | Reached skill level 4 in Unarmed Combat
  1507 | D:2      | Reached XP level 4. HP: 35/35 MP: 7/7
  1544 | D:2      | Noticed Jessica
  1553 | D:2      | Killed Jessica
  1591 | D:2      | Noticed Natasha
  1598 | D:2      | Killed Natasha
  1843 | D:2      | Noticed Natasha
  1852 | D:2      | Killed Natasha
  1852 | D:2      | Reached XP level 5. HP: 25/40 MP: 5/9
  2097 | D:2      | Noticed Natasha
  2105 | D:2      | Killed Natasha
  2385 | D:3      | Noticed Ijyb
  2394 | D:3      | Killed Ijyb
  2394 | D:3      | Reached skill level 5 in Unarmed Combat
  2687 | D:3      | Reached XP level 6. HP: 14/47 MP: 7/10
  2716 | D:3      | HP: 2/47 [poisoned by an adder]
  4735 | D:4      | Reached skill level 6 in Unarmed Combat
  4745 | D:4      | Your scales start taking on a dull iron-grey colour.
  4745 | D:4      | Reached XP level 7. HP: 33/52 MP: 4/12
  4745 | D:4      | Gained mutation: You can survive without breathing. [Grey
                  | Draconian growth]
  5120 | D:5      | Entered Level 5 of the Dungeon
  5334 | D:5      | Found a staircase to the Ecumenical Temple.
  5366 | Temple   | Entered the Ecumenical Temple
  5529 | Temple   | Became a worshipper of the Wu Jian Council
  5859 | D:5      | Reached skill level 7 in Unarmed Combat
  5952 | D:5      | Reached skill level 5 in Transmutations
  5952 | D:5      | Reached XP level 8. HP: 47/59 MP: 10/14
  6418 | D:6      | Reached skill level 5 in Spellcasting
  6523 | D:6      | Reached skill level 8 in Unarmed Combat
  6660 | D:6      | Found a runed translucent door.
  6663 | D:6      | Found a runed translucent door.
  6729 | D:6      | Learned a level 4 spell: Ice Form
  6735 | D:6      | Learned a level 5 spell: Blade Hands
  6874 | D:6      | You fall into a shaft and drop 3 floors!
  7158 | D:7      | Reached * piety under Wu Jian
  7674 | D:6      | Noticed Pikel
  7693 | D:6      | Killed Pikel
  7693 | D:6      | Reached skill level 9 in Unarmed Combat
  7693 | D:6      | Reached XP level 9. HP: 62/64 MP: 14/17
  8343 | D:6      | Found a sparkling altar of Nemelex Xobeh.
  9252 | D:6      | Reached skill level 10 in Unarmed Combat
  9569 | D:8      | Identified a scroll of acquirement
  9569 | D:8      | Identified Sif Muna's Almanac of Cloudy Good Luck (You
                  | acquired it on level 8 of the Dungeon)
  9889 | D:8      | Noticed a two-headed ogre
 10339 | D:8      | Killed a two-headed ogre
 10339 | D:8      | Reached XP level 10. HP: 29/71 MP: 20/20
 10536 | D:8      | Reached XP level 11. HP: 93/93 MP: 21/21
 10895 | D:9      | Reached ** piety under Wu Jian
 10931 | D:9      | Noticed Erica
 10950 | D:9      | Killed Erica
 10950 | D:9      | Reached skill level 11 in Unarmed Combat
 11762 | D:10     | Entered Level 10 of the Dungeon
 11777 | D:10     | Found a runed translucent door.
 11973 | D:10     | Found a staircase to the Orcish Mines.
 12059 | D:10     | Noticed an ogre mage
 12066 | D:10     | Killed an ogre mage
 12308 | D:10     | Noticed a two-headed ogre
 12312 | D:10     | Killed a two-headed ogre
 12312 | D:10     | Reached *** piety under Wu Jian
 12316 | D:10     | Reached skill level 12 in Unarmed Combat
 12919 | D:10     | Killed an unseen horror
 12977 | D:10     | Got a steaming amber ring
 13309 | D:11     | Noticed Snorg
 13317 | D:11     | Noticed a two-headed ogre
 13323 | D:11     | Killed Snorg
 13323 | D:11     | Reached XP level 12. HP: 55/101 MP: 24/24
 13326 | D:11     | Killed a two-headed ogre
 13506 | D:11     | Identified the ring "Vunith Uwniy" {MR+ Int+7 SInv} (You
                  | found it on level 10 of the Dungeon)
 14017 | D:11     | Reached skill level 13 in Unarmed Combat
 14311 | D:11     | Reached **** piety under Wu Jian
 14321 | D:11     | Noticed a death yak
 14330 | D:11     | Noticed a death yak
 14331 | D:11     | Killed a death yak
 14333 | D:11     | Noticed a death yak
 14342 | D:11     | Killed a death yak
 14349 | D:11     | Killed a death yak
 14364 | D:11     | Found a staircase to the Lair.
 14741 | D:11     | Reached skill level 10 in Transmutations
 15105 | Lair:1   | Entered Level 1 of the Lair of Beasts
 16052 | Lair:2   | Identified the +7 trident of Instinct {flame, rPois MP+9}
 16053 | Lair:2   | Found a bloodstained altar of Trog.
 16055 | Lair:2   | Identified the +8 trident "Orb Guardian's Death" {freeze,
                  | Int+4 Dex+4}
 16081 | Lair:2   | Reached skill level 14 in Unarmed Combat
 16266 | Lair:2   | Found a transporter.
 16269 | Lair:2   | Noticed Esoasiq's ghost (journeyman DsGl)
 16277 | Lair:2   | Found a transporter.
 16581 | Lair:2   | Found a staircase to the Shoals.
 16834 | Lair:2   | Identified the +0 pair of boots of Taotui {rPois MR+ Dex+3
                  | Stlth+} (You acquired it on level 2 of the Lair of Beasts)
 16843 | Lair:2   | Learned a level 6 spell: Hydra Form
 16851 | Lair:2   | Learned a level 7 spell: Dragon Form
 16914 | Lair:3   | Noticed a five-headed hydra
 16924 | Lair:3   | Killed a five-headed hydra
 16924 | Lair:3   | Reached XP level 13. HP: 102/107 MP: 20/26
 16932 | Lair:3   | Mangled by a seven-headed hydra

Levels and vault maps discovered:
D:1:      minmay_arrival_loop, layout_loops_ring
D:2:      layout_rooms, kennysheep_jessica_study, uniq_jessica, uniq_natasha
D:3:      layout_loops_corners, minivault_25, uniq_ijyb
D:4:      layout_rooms
D:5:      layout_basic, minmay_temple_entry_gardened_gates, first_ration,
          minmay_starry_boxes
D:6:      lemuel_insect_pit, layout_basic, lemuel_doored_altar, uniq_pikel
D:7:      layout_basic
D:8:      layout_basic, grunt_pizzeria, kennysheep_cross_bottleneck
D:9:      layout_loops_ring, minmay_lizard_king, uniq_erica
D:10:     minmay_the_grid_3x2 [minmay_the_grid_minigrid_small_alt,
          minmay_the_grid_spin_star, minmay_the_grid_all_tris,
          minmay_the_grid_aliased_spiral, minmay_the_grid_large_cup,
          minmay_the_grid_prize_trominoes], layout_basic, david_orc_2,
          minmay_st_funbox
D:11:     minmay_razor_zed, layout_cave_pods, dpeg_lair_monsters, uniq_snorg
Temple:   kilobyte_greek_temple
Lair:1:   layout_regular_city
Lair:2:   layout_misc_corridors, minmay_shoals_entry_lonely_mermaid,
          gammafunk_ghost_wrathful_warriors
Lair:3:   layout_regular_city

Skill      XL: |  1  2  3  4  5  6  7  8  9 10 11 12 |
---------------+-------------------------------------+-----
Unarmed Combat | 4 5 6 7 9 10 12 14 | 14.0
Transmutations | 3 4 5 6 7 9 10 | 10.8
Spellcasting   | 3 4 5 7 8 9 |  9.2
Fighting       | 7 |  7.7
Dodging        | 6 |  6.6

Action                   |  1- 3 |  4- 6 |  7- 9 | 10-12 | 13-15 || total
-------------------------+-------+-------+-------+-------+-------++-------
Melee: Unarmed           |   128 |   232 |   335 |   439 |     4 ||  1138
       Kick              |     8 |     4 |       |       |       ||    12
       Tailslap          |     7 |     5 |     9 |    37 |       ||    58
       Headbutt          |     3 |     5 |       |       |       ||     8
       Punch             |       |     2 |     3 |    20 |       ||    25
 Cast: Beastly Appendage |    18 |    12 |       |       |       ||    30
       Spider Form       |     1 |    16 |    44 |    12 |       ||    73
       Sticks to Snakes  |     1 |       |     1 |       |       ||     2
       Blade Hands       |       |       |       |    27 |       ||    27
       Ice Form          |       |       |       |     7 |       ||     7
       Hydra Form        |       |       |       |     1 |       ||     1
Invok: Lunge             |       |       |     9 |    24 |       ||    33
       Whirlwind         |       |       |     2 |     3 |       ||     5
 Abil: End Transformatio |       |       |       |     2 |       ||     2
Evoke: Wand              |       |       |     5 |     1 |       ||     6
  Use: Scroll            |       |     7 |    13 |     6 |       ||    26
       Potion            |       |       |       |     2 |       ||     2
 Stab: Sleeping          |       |     2 |     2 |     1 |       ||     5
  Eat: Chunk             |     2 |    23 |    21 |    36 |       ||    82
Armor: Skin              |    37 |    53 |    46 |   109 |     5 ||   250
Dodge: Dodged            |   100 |   179 |   218 |   230 |     3 ||   730

Table legend:
 A = Non-vault XP
 B = Vault XP
 C = Vault XP percentage of total XP
 D = Non-vault monster count
 E = Vault monster count
 F = Vault count percentage of total count
                 A         B        C        D         E       F
            +---------+---------+-------+---------+---------+-------
      Total |   18494 |   13820 |  42.8 |     262 |      86 |  24.7
            +---------+---------+-------+---------+---------+-------
        D:1 |      59 |       0 |   0.0 |      28 |       0 |   0.0
        D:2 |     114 |      72 |  38.7 |      17 |       3 |  15.0
        D:3 |     284 |      36 |  11.2 |      41 |       1 |   2.4
        D:4 |     286 |       0 |   0.0 |      12 |       0 |   0.0
        D:5 |     741 |     208 |  21.9 |      15 |       4 |  21.1
        D:6 |    1049 |     978 |  48.2 |      25 |      13 |  34.2
        D:7 |     286 |       0 |   0.0 |      15 |       0 |   0.0
        D:8 |    1561 |     202 |  11.5 |      10 |       1 |   9.1
        D:9 |     969 |    1077 |  52.6 |      18 |       6 |  25.0
       D:10 |    3007 |    4066 |  57.5 |      25 |      28 |  52.8
       D:11 |    5134 |    6739 |  56.8 |      31 |      29 |  48.3
     Lair:1 |    2336 |       0 |   0.0 |      13 |       0 |   0.0
     Lair:2 |    1467 |     442 |  23.2 |      10 |       1 |   9.1
     Lair:3 |    1201 |       0 |   0.0 |       2 |       0 |   0.0
            +---------+---------+-------+---------+---------+-------
